[Event "Late-Titled-Tuesday-Blitz-June-18-2024"]
[Site "Chess.com"]
[Date "2024.06.18"]
[Round "5"]
[White "Kombinator01"]
[Black "Sondremelaa"]
[Result "1/2-1/2"]
[WhiteElo "2447"]
[BlackElo "2616"]
[TimeControl "180+1"]
[EndTime "14:59:57 PDT"]
[Termination "Game drawn - insufficient material"]

1. d4 d5 2. Bf4 Nf6 3. e3 c5 4.
Nf3 Nc6 5. Nbd2 cxd4 6. exd4 Bf5 7. Nb3 e6 8. c3 Bd6 9. Bxd6 Qxd6 10. Bd3 Ne4 11. O-O O-O 12. Re1 h6 13. Qe2 Rac8 14.
Nfd2 Nxd2 15. Nxd2 Bxd3 16. Qxd3 a6 17. a4 Na5 18.
Re3 Nc4 19. Nxc4 Rxc4 20. Rg3 Rfc8 21. Qe3 a5 22. f4 Rb8 23. h4 b5 24. axb5 Rxb5 25.
h5 a4 26. Ra2 Rc8 27. Kh2 Rcb8 28. Rxa4 Rxb2 29. Ra7 R2b7 30. Rxb7 Rxb7 31. Qe5 Qxe5 32. fxe5 Rb2 33. Kh3 Rc2 34. Kg4 Kf8 35. Kf4 Rf2+ 36. Ke3 Rf5 37. Rh3 Ke7 38. g4 Rf1 39. Rg3 Rd1 40. g5 Rh1 41. gxh6 gxh6 42. Rg8 Rxh5 43. Ra8 Rh3+ 44. Kd2 h5 45. Rh8 h4 46. Kc2 Kd7 47. Kb3 Rh1 48. Kb4 h3 49. Kc5 h2 50. Rh3 Rc1 51. Rxh2 Rxc3+ 52. Kb5 Rc4 53. Rf2 Ke7 54. Rf4 Kf8 55. Kb6 Kg7 56. Kb5 Kg6 57. Kb6 Rc1 58.
Kb5 Re1 59. Kc5 Re4 60. Rf6+ Kg7 61. Rf1 Re2 62. Rd1 Rc2+ 63. Kd6 Kf8 64. Rh1 Rc4 65.
Rh8+ Kg7 66. Rh4 Kg6 67. Ke7 Rc7+ 68. Kd6 Ra7 69. Rf4 Kg5 70. Rf1 Kg6 71. Rf6+ Kg7 72. Rf4 Kf8 73. Kc6 Ke7 74. Rf1 Ra4 75. Rf4 Rc4+ 76. Kb6 Ke8 77. Kb5 Rc1 78. Kb6 Ke7 79. Kb5 Rg1 80. Kc5 Rg6 81. Rf1 f6 82. Ra1 f5 83. Ra7+ Kf8 84. Kd6 f4 85. Ra8+ Kg7 86. Ra7+ Kh6 87. Rf7 Kg5 88. Ke7 Kg4 89. Rf6 Rg5 90. Rxe6 f3 91. Ra6 f2 92. Ra1 Kf3 93. Rf1 Rg1 94. Rxf2+ Kxf2 95. Kd6 Ke3 96. Kxd5 Rd1 97. e6 Rxd4+ 98. Kc6 Rc4+ 99. Kd7 Rd4+ 100. Kc6 Re4 101. Kd6 Kf4 102. e7 Rd4+ 103. Ke6 Re4+ 104. Kf7 Kf5 105. Kf8 Kf6 106. e8=Q Rxe8+ 107. Kxe8 1/2-1/2

[Event "Late-Titled-Tuesday-Blitz-June-18-2024"]
[Site "Chess.com"]
[Date "2024.06.18"]
[Round "5"]
[White "JackRodgers"]
[Black "KarlEmilElmer"]
[Result "1/2-1/2"]
[WhiteElo "2559"]
[BlackElo "2263"]
[TimeControl "180+1"]
[EndTime "15:00:45 PDT"]
[Termination "Game drawn by 50-move rule"]

1. d4 Nf6 2. Bg5 Ne4 3. h4 d5 4. Nd2 Nc6 5. e3 Nxd2 6. Qxd2 f6 7. Bf4 e5 8. dxe5 fxe5 9. Bg5 Be7 10. Bxe7 Nxe7 11.
Nf3 Qd6 12. O-O-O Bg4 13. Be2 Bxf3 14. Bxf3 O-O-O 15. Qa5 Kb8 16. Rd2 c6 17. Rhd1 Qf6 18. Qb4 Nf5 19. g3 Nxe3 20. fxe3 Qxf3 21. e4 Qxg3 22.
exd5 cxd5 23. Rxd5 Rxd5 24. Rxd5 Qe3+ 25. Qd2 Qxd2+ 26.
Kxd2 Re8 27. Rd7 Re6 28. Rxg7 Rh6 29. Rg4 Kc7 30. Ke3 Kd6 31. Ke4 Rf6 32. h5 h6 33.
Rg7 Rf2 34. Rg6+ Kc5 35. Rg7 Rf4+ 36. Kxe5 Rh4 37. Rxb7 Rxh5+ 38. Kf4 Rh2 39. Rxa7 Kb6 40. Rh7 h5 41. Rh8 Kb7 42. Rh7+ Kb6 43. Rh8 Kb7 44. b4 Rxc2 45. Rh7+ Kb6 46. Rxh5 Rc4+ 47. Ke3 Rxb4 48. Rh2 Ra4 49. Kd3 Rg4 50. Kc3 Rg3+ 51. Kb2 Rg4 52.
Rc2 Ka5 53. Ka3 Ka6 54. Rc3 Ka5 55. Kb3 Rg5 56. a3 Rb5+ 57. Ka2 Rg5 58. Rc2 Rg1 59. Rh2 Rg3 60. Rf2 Ka4 61. Rf4+ Ka5 62. Rd4 Rg2+ 63. Kb3 Rg3+ 64. Kb2 Rg2+ 65. Kc1 Rg3 66. Kb2 Rg2+ 67.
Kc3 Rg3+ 68. Kc4 Rxa3 69. Rd5+ Kb6 70. Rd6+ Kc7 71. Rh6 Ra4+ 72. Kb5 Ra1 73. Rh7+ Kd6 74. Rh6+ Ke5 75. Kc4 Rc1+ 76. Kd3 Rd1+ 77. Ke3 Ra1 78.
Rh5+ Ke6 79. Kd4 Ra4+ 80. Kc3 Ra3+ 81. Kb4 Rg3 82. Rh6+ Kf5 83. Kc5 Ke4 84. Re6+ Kf5 85. Re8 Rc3+ 86. Kd4 Rc1 87. Rf8+ Ke6 88. Rf2 Ra1 89.
Kc3 Rh1 90. Kd2 Kd5 91. Rf8 Ra1 92. Kc2 Rh1 93. Kb2 Rh2+ 94. Kb3 Rh3+ 95. Kb4 Rh4+ 96. Kb5 Rh1 97. Rd8+ Ke6 98. Re8+ Kd7 99. Re2 Rb1+ 100.
Kc5 Rc1+ 101. Kd4 Rd1+ 102. Ke4 Ra1 103. Rc2 Ke6 104. Kd3 Kd5 105. Rc3 Rh1 106. Kc2 Kd4 107. Rd3+ Kc4 108.
Rd1 Rh2+ 109. Kc1 Kc3 110. Rd8 Rh1+ 111. Rd1 Rh6 112. Rg1 Rc6 113. Rg3+ Kd4+ 114. Kd2 Ra6 115. Rg4+ Ke5 116. Ke3 Ra3+ 117. Kf2 Kf5 118. Rg3 Ra2+ 1/2-1/2

[Event "Late-Titled-Tuesday-Blitz-June-18-2024"]
[Site "Chess.com"]
[Date "2024.06.18"]
[Round "5"]
[White "jaramsdal"]
[Black "Alina_Gumerovna"]
[Result "1/2-1/2"]
[WhiteElo "2454"]
[BlackElo "2212"]
[TimeControl "180+1"]
[EndTime "15:01:18 PDT"]
[Termination "Game drawn - insufficient material"]

1. e4 e5 2. Nf3 Nf6 3. Nxe5 Nxe4 4. d3 Nf6 5. d4 d5 6. Bd3 Bd6 7. O-O O-O 8. Bg5 h6 9. Bh4 c6 10. Qf3 Nbd7 11. Nxd7 Bxd7 12. Bxf6 Qxf6 13. Qxf6 gxf6 14. Nc3 Rfe8 15. Rfe1 Kg7 16. h3 f5 17. Kf1 f4 18. f3 Be7 19. Rad1 Bh4 20. Rxe8 Rxe8 21. Ne2 Bg5 22. c3 b6 23. Re1 Bh4 24. Rd1 Bg5 25. Nc1 Bh4 26. Bc2 c5 27. dxc5 bxc5 28. Nb3 Bb5+ 29. Kg1 Re2 30. Bf5 a6 31. g4 fxg3 32.
Nxc5 g2 33. Nd3 Bxd3 34. Bxd3 Rxb2 35. a4 Ra2 36. Bxa6 Rc2 37. Rxd5 Rxc3 38. Kxg2 Rc2+ 39. Kg1 Rc1+ 40. Kg2 Rc2+ 41. Kf1 Rc1+ 42. Ke2 Ra1 43. Bb5 Bg5 44. Kd3 Ra3+ 45. Ke4 Re3+ 46. Kf5 Rxf3+ 47. Kg4 Rf4+ 48. Kg3 Rb4 49. a5 Rb3+ 50. Kg4 Rb4+ 51. Kf5 Rf4+ 52. Ke5 Rf3 53. a6 Ra3 54. Bc4 Kg6 55.
Rd6+ f6+ 56. Ke4 Re3+ 57. Kd4 Ra3 58. Rd7 h5 59. Bd3+ f5 60. Rd6+ Bf6+ 61. Kc4 Kg5 62. Rd5 Kh4 63. Rxf5 Bg5 64. Bf1 Be3 65. Kd5 Ra5+ 66.
Ke4 Rxf5 67. Kxf5 Ba7 68. Ke4 Bf2 69. Kf3 Ba7 70. Kg2 Bb6 71. Bc4 Ba7 72. Be6 Bb6 73.
Bc8 Ba7 74. Kf3 Bb6 75. Ke4 Ba7 76. Kd5 Bb6 77. Kc6 Bf2 78. Kd5 Be3 79. Kc6 Ba7 80. Kb7 Bf2 81. a7 Bxa7 82. Kxa7 Kg5 83. Kb6 Kh6 84.
Kc5 Kg7 85. Kd6 Kh8 86. Ke7 Kg8 87. Kf6 Kh8 88. Kg6 Kg8 89. Kg5 Kh8 90. Kh4 Kg8 91. Bg4 Kh8 92. Kg5 Kg7 93. Bf3 Kh8 94. Be2 Kg7 95. Bg4 Kh8 96. Kh6 Kg8 97. Be6+ Kh8 98.
Bf5 h4 99. Bg6 Kg8 100. Bh7+ Kh8 101. Bd3 Kg8 102. Kg5 Kh8 103. Kxh4 Kg8 104. Kg5 Kh8 105. Be4 Kg8 106. Bd5+ Kh8 107. Be4 Kg8 108. h4 Kh8 109.
h5 Kg8 110. Bd3 Kh8 111. Bc4 Kg7 112. Bb3 Kh8 113. Kf6 Kh7 114. Bf7 Kh8 115. Ke7 Kg7 116. Ke6 Kh8 117. Kd7 Kg7 118. Ke8 Kh8 119. Kf8 Kh7 120. Be8 Kh8 121. h6 Kh7 122. Bg6+ Kxg6 123. h7 Kxh7 1/2-1/2

[Event "Late-Titled-Tuesday-Blitz-June-18-2024"]
[Site "Chess.com"]
[Date "2024.06.18"]
[Round "5"]
[White "karinachess1"]
[Black "Rud_Makarian"]
[Result "0-1"]
[WhiteElo "2658"]
[BlackElo "3057"]
[TimeControl "180+1"]
[EndTime "15:01:28 PDT"]
[Termination "Rud_Makarian won on time"]

1. d4 g6 2. Nf3 Bg7 3. g3 c5 4. c4 cxd4 5. Nxd4 Nc6 6. Nc2 h5 7. h4 Nf6 8. Bg2 O-O 9. O-O d6 10. Nc3 Ng4 11. Nd5 Be6 12. Rb1 Rc8 13. b3 a6 14. Bg5 b5 15. cxb5 axb5 16. Ncb4 Nxb4 17. Nxb4 Qd7 18. Nd5 Bxd5 19. Qxd5 Rc5 20. Qd2 Rfc8 21. Rbc1 Bc3 22. Qd3 b4 23. Rc2 Qa7 24. Be3 Nxe3 25. Qxe3 Kg7 26. Rd1 Qc7 27. Rd5 Rxd5 28. Bxd5 e6 29.
Bc4 d5 30. Bd3 Ra8 31. Qc1 Ra3 32. Kg2 Qa7 33. Qb1 e5 34. e3 e4 35. Bb5 Ra5 36.
Ba4 d4 37. exd4 Qxd4 38. Re2 Re5 39. Bc6 e3 40. fxe3 Rxe3 41. Rxe3 Qxe3 42. Qc2 Bd4 43. Bf3 Qe1 44. Qe2 Qc1 45. Kh3 Qc3 46. Qd1 Be5 47.
Qe2 Qd4 48. Qe4 Qb2 49. Qe2 Qa1 50. Bd5 Bf6 51. Bc4 Qh1+ 52. Qh2 Qe4 53. Qe2 Qh1+ 54.
Qh2 Qf3 55. Qe2 Qf5+ 56. Kh2 Be5 57. Qf1 Qd7 58. Qf3 Qd2+ 59. Kh3 Qd7+ 60. Kh2 Bf6 61. Kg2 Qe7 62. Qe2 Qa7 63. Qf3 Qxa2+ 64. Qe2 Qa8+ 65. Qf3 Qa7 66. Qf2 Qe7 67. Qe2 Qd7 68. Qd3 Qc7 69. Qd5 Be5 70. Qf3 Qe7 71. Qd5 Qf6 72.
Qf3 Qe7 73. Qd5 Bc7 74. Qf3 Bd6 75. Qe2 Qf6 76. Qf3 Qe7 77. Qe2 Qc7 78. Qf3 Be5 79. Kh3 Qd7+ 80. Kg2 Kg8 81. Qe2 Qd4 82. Qf3 Qd7 83. Qe2 Bd4 84. Qe4 Kg7 85. Qd5 Qa7 86. Qf3 Be5 87. Qf2 Qe7 88. Qf3 f6 89. Qe2 Kh6 90.
Qe4 Qc7 91. Qe3+ Kg7 92. Qd3 Qe7 93. Qe3 Qd6 94. Qd3 Qc6+ 95. Qf3 Qc7 96. Qd3 Qa7 97.
Qf3 Qa2+ 98. Qe2 Qb1 99. Qd3 Qe1 100. Qe2 Qxg3+ 101. Kf1 Qf4+ 102. Qf2 Qc1+ 103. Kg2 Qf4 104. Qxf4 Bxf4 105. Kf3 Bd2 106. Be2 Be1 107. Ke4 Bxh4 108. Kd3 Be1 109. Bf1 Bc3 110. Ke2 Kh6 111. Kf3 f5 112. Kf4 Bd2+ 113. Ke5 Kg5 114. Bb5 Bc3+ 115. Kd5 h4 116. Bf1 Kf4 0-1

[Event "Late-Titled-Tuesday-Blitz-June-18-2024"]
[Site "Chess.com"]
[Date "2024.06.18"]
[Round "6"]
[White "xasid81"]
[Black "merinasian"]
[Result "1-0"]
[WhiteElo "2569"]
[BlackElo "2396"]
[TimeControl "180+1"]
[EndTime "15:03:36 PDT"]
[Termination "xasid81 won by resignation"]

1. e4 d6 2. d4 Nd7 3. Nc3 g6 4. Nf3 Bg7 5. Be3 a6 6. Bd3 b5 7. a3 Bb7 8. O-O e6 9. Qd2 h6 10. Rfe1 Ne7 11. a4 b4 12. Ne2 a5 13. c3 c5 14. Ng3 Kf8 15. Bb5 cxd4 16. Bxd4 Ne5 17. Bxe5 Bxe5 18. cxb4 axb4 19. Nxe5 dxe5 20. Qxb4 Kg7 21.
Red1 Qb6 22. Qxe7 1-0

[Event "Late-Titled-Tuesday-Blitz-June-18-2024"]
[Site "Chess.com"]
[Date "2024.06.18"]
[Round "6"]
[White "talaicito"]
[Black "Roedor"]
[Result "1-0"]
[WhiteElo "2308"]
[BlackElo "2449"]
[TimeControl "180+1"]
[EndTime "15:03:56 PDT"]
[Termination "talaicito won by checkmate"]

1. d4 Nf6 2. Nc3 d5 3. Bf4 g6 4. e3 Bg7 5. Nf3 O-O 6. Ne5 c5 7. h4 Nc6 8. h5 Nxh5 9. Rxh5 gxh5 10. Qxh5 Nxe5 11. dxe5 f5 12. O-O-O Qe8 13. Qxe8 Rxe8 14. Nxd5 Be6 15. Nc7 Kf7 16. Nxe6 Kxe6 17. Bc4# 1-0

[Event "Late-Titled-Tuesday-Blitz-June-18-2024"]
[Site "Chess.com"]
[Date "2024.06.18"]
[Round "6"]
[White "HajiyevKanan"]
[Black "GoltsevDmitry2000"]
[Result "0-1"]
[WhiteElo "2555"]
[BlackElo "2716"]
[TimeControl "180+1"]
[EndTime "15:04:20 PDT"]
[Termination "GoltsevDmitry2000 won by resignation"]

1. d4 e6 2. Nf3 Nf6 3. c4 d5 4.
cxd5 exd5 5. Nc3 c6 6. Qc2 h6 7. Bf4 Na6 8. e3 Nb4 9. Qd1 Bf5 10. Rc1 Qa5 11. a3 Na2 12. Ra1 Nxc3 13. Qd2 Nfe4 14.
b4 Bxb4 0-1

[Event "Late-Titled-Tuesday-Blitz-June-18-2024"]
[Site "Chess.com"]
[Date "2024.06.18"]
[Round "6"]
[White "Barboval"]
[Black "lamomiajunior"]
[Result "0-1"]
[WhiteElo "2538"]
[BlackElo "2697"]
[TimeControl "180+1"]
[EndTime "15:04:24 PDT"]
[Termination "lamomiajunior won by resignation"]

1. d4 Nf6 2. Bg5 c5 3. d5 d6 4.
Nc3 Nbd7 5. e4 g6 6. Qd2 h6 7.
Be3 Bg7 8. O-O-O a6 9. f3 b5 10. g4 Ne5 11. h4 Rb8 12. Kb1 Nfd7 13. Qg2 Nb6 14. f4 Nec4 15. Bxc4 Nxc4 16. Bd2 Nxb2 17.
Kxb2 b4 18. Ka1 bxc3 19. Bc1 Qb6 20. Ba3 Qa5 21. Bc1 Qb4 0-1

[Event "Late-Titled-Tuesday-Blitz-June-18-2024"]
[Site "Chess.com"]
[Date "2024.06.18"]
[Round "6"]
[White "vesalhamedinia"]
[Black "CombativeWombat"]
[Result "1-0"]
[WhiteElo "2489"]
[BlackElo "2304"]
[TimeControl "180+1"]
[EndTime "15:04:38 PDT"]
[Termination "vesalhamedinia won by checkmate"]

1. d4 Nf6 2. c4 e6 3. Nf3 d5 4.
Nc3 dxc4 5. e3 a6 6. a4 c5 7. Bxc4 Nc6 8. O-O Be7 9. b3 cxd4 10. exd4 O-O 11. d5 Na5 12. dxe6 Bxe6 13. Bxe6 fxe6 14. Qe2 Nxb3 15. Qxe6+ Kh8 16. Qxb3 Qa5 17. Bb2 Ng4 18. Nd5 Bd6 19. h3 Rf5 20. hxg4 Rxd5 21. Qxb7 Rb8 22. Qxg7# 1-0

[Event "Late-Titled-Tuesday-Blitz-June-18-2024"]
[Site "Chess.com"]
[Date "2024.06.18"]
[Round "6"]
[White "Bryanl106"]
[Black "Sanan_Sjugirov"]
[Result "1-0"]
[WhiteElo "2748"]
[BlackElo "2945"]
[TimeControl "180+1"]
[EndTime "15:04:49 PDT"]
[Termination "Bryanl106 won by resignation"]

1. e4 e6 2. d4 d5 3. Nd2 c5 4. exd5 exd5 5. Ngf3 Nf6 6. Bb5+ Bd7 7. Bxd7+ Nbxd7 8.
O-O Be7 9. dxc5 Nxc5 10. Nd4 O-O 11. Nf5 Re8 12. Nxe7+ Qxe7 13. Nf3 Nce4 14. Be3 a5 15. c3 a4 16. a3 Qd7 17. h3 Qb5 18. Qc2 Nd6 19.
Rab1 Nc4 20. Bd4 Ne4 21. Rfe1 Re7 22. Qc1 Rae8 23. Qf4 f6 24. Nh4 g5 25. Qg4 h5 26.
Qxh5 gxh4 27. Rxe4 Rxe4 28. Qg6+ Kf8 29. Qxf6+ 1-0

[Event "Late-Titled-Tuesday-Blitz-June-18-2024"]
[Site "Chess.com"]
[Date "2024.06.18"]
[Round "6"]
[White "farzadbfd"]
[Black "tgpgoat"]
[Result "1-0"]
[WhiteElo "2699"]
[BlackElo "2509"]
[TimeControl "180+1"]
[EndTime "15:04:50 PDT"]
[Termination "farzadbfd won by resignation"]

1. e4 c5 2. Nc3 e6 3. g3 Nc6 4.
Bg2 Nf6 5. Nge2 d5 6. exd5 exd5 7.
d4 cxd4 8. Nxd4 Bg4 9. f3 Bh5 10. O-O Bc5 11. Re1+ Kd7 12. Bh3+ Kc7 13. Bf4+ Kb6 14.
Na4+ Ka5 15. Nxc5 Qb6 1-0

[Event "Late-Titled-Tuesday-Blitz-June-18-2024"]
[Site "Chess.com"]
[Date "2024.06.18"]
[Round "6"]
[White "safikiet"]
[Black "mfschulz"]
[Result "1-0"]
[WhiteElo "2452"]
[BlackElo "2199"]
[TimeControl "180+1"]
[EndTime "15:04:54 PDT"]
[Termination "safikiet won by resignation"]

1. e4 g6 2. d4 Bg7 3. Nc3 c5 4.
d5 d6 5. Bb5+ Nd7 6. a4 a6 7.
Bd3 Ngf6 8. f4 O-O 9. Nf3 e6 10. dxe6 fxe6 11. O-O d5 12. exd5 exd5 13. f5 c4 14. Be2 Qb6+ 15. Kh1 Ng4 16. Nxd5 Nf2+ 17. Rxf2 Qxf2 18. Be3 Qxe3 19. Nxe3 gxf5 20. Bxc4+ Kh8 21.
Ng5 h6 22. Ne6 Rf6 23. Nxg7 Kxg7 24. Qd4 Nb6 25. Bb3 f4 26. Rf1 1-0

[Event "Late-Titled-Tuesday-Blitz-June-18-2024"]
[Site "Chess.com"]
[Date "2024.06.18"]
[Round "6"]
[White "OverallStranger"]
[Black "KaydenTroffChess"]
[Result "1-0"]
[WhiteElo "2411"]
[BlackElo "2806"]
[TimeControl "180+1"]
[EndTime "15:05:19 PDT"]
[Termination "OverallStranger won by resignation"]

1. e4 c5 2. Nc3 g6 3. d4 cxd4 4.
Qxd4 Nf6 5. Nf3 Nc6 6. Qa4 d6 7. e5 dxe5 8. Nxe5 Bd7 9. Nxd7 Nxd7 10. Be3 Bg7 11. O-O-O Qc8 12. Nd5 Nb6 13. Bxb6 axb6 14. Qxa8 Nb8 15. Bb5+ Kf8 16. Nxb6 Bh6+ 17. Kb1 Qf5 18. Rd8+ Kg7 19. Rxh8 Qxb5 20. Qxb8 Bc1 21. Rxc1 1-0

[Event "Late-Titled-Tuesday-Blitz-June-18-2024"]
[Site "Chess.com"]
[Date "2024.06.18"]
[Round "6"]
[White "Navyblue1"]
[Black "katharinareinecke"]
[Result "1-0"]
[WhiteElo "2175"]
[BlackElo "2036"]
[TimeControl "180+1"]
[EndTime "15:05:35 PDT"]
[Termination "Navyblue1 won by resignation"]

1. d4 d5 2. c4 c6 3. cxd5 cxd5 4.
Nc3 Nf6 5. Bf4 e6 6. e3 Nc6 7. Bd3 Be7 8. Rc1 O-O 9. Nf3 a6 10.
O-O Qd7 11. Na4 Qd8 12. Qb3 Na5 13. Qb6 Qxb6 14. Nxb6 Ra7 15. Nxc8 Bb4 16. Nxa7 1-0

[Event "Late-Titled-Tuesday-Blitz-June-18-2024"]
[Site "Chess.com"]
[Date "2024.06.18"]
[Round "6"]
[White "Cxrjs"]
[Black "micke12a"]
[Result "0-1"]
[WhiteElo "2508"]
[BlackElo "2393"]
[TimeControl "180+1"]
[EndTime "15:05:39 PDT"]
[Termination "micke12a won by resignation"]

1. e4 c5 2. Nf3 d6 3. d4 cxd4 4. Nxd4 Nf6 5. Nc3 g6 6. Be3 Bg7 7. f3 O-O 8. Qd2 Nc6 9. O-O-O Bd7 10. h4 Rc8 11. h5 Nxh5 12. g4 Ng3 13. Rh3 Nxf1 14.
Rxf1 Ne5 15. Bh6 Nc4 16. Qh2 Bxd4 17. Bxf8 Qb6 18. b3 Be3+ 19. Kb1 Na3+ 20. Kb2 Nc4+ 21.
Ka1 Qd4 22. bxc4 Qxc3+ 23. Kb1 Rc6 0-1

[Event "Late-Titled-Tuesday-Blitz-June-18-2024"]
[Site "Chess.com"]
[Date "2024.06.18"]
[Round "6"]
[White "LidongW"]
[Black "ritanovikova"]
[Result "0-1"]
[WhiteElo "2338"]
[BlackElo "2216"]
[TimeControl "180+1"]
[EndTime "15:05:40 PDT"]
[Termination "ritanovikova won by resignation"]

1. e4 e5 2. Nf3 Nf6 3. d4 Nxe4 4.
Bd3 d5 5. Nxe5 Nd7 6. O-O Nxe5 7. dxe5 Be7 8. c4 Be6 9. cxd5 Bxd5 10. Qa4+ Bc6 11.
Qc4 Qd5 12. Qc2 Nc5 13. f3 Qxd3 14. Qf2 O-O 15. Be3 Ne6 16. Nc3 b6 17. Rfd1 Qf5 18. g4 Qxf3 0-1

[Event "Late-Titled-Tuesday-Blitz-June-18-2024"]
[Site "Chess.com"]
[Date "2024.06.18"]
[Round "6"]
[White "mostafa_sakha"]
[Black "Skillcam"]
[Result "1-0"]
[WhiteElo "2435"]
[BlackElo "2564"]
[TimeControl "180+1"]
[EndTime "15:05:44 PDT"]
[Termination "mostafa_sakha won by resignation"]

1. d4 g6 2. e4 Bg7 3. Nf3 c6 4. c4 d5 5. Nc3 dxe4 6. Nxe4 Nf6 7. Bd3 O-O 8. O-O Bg4 9. Be3 Nbd7 10. h3 Bxf3 11.
Qxf3 h6 12. Rfd1 Qc7 13. Bf4 e5 14. Nxf6+ Bxf6 15. Bxh6 Rfe8 16. dxe5 Bxe5 17. Qg4 Bxb2 18. Bxg6 Nf8 19. Bxf8 fxg6 20. Rd7 1-0

[Event "Late-Titled-Tuesday-Blitz-June-18-2024"]
[Site "Chess.com"]
[Date "2024.06.18"]
[Round "6"]
[White "secretworker2027"]
[Black "VacheH009"]
[Result "1-0"]
[WhiteElo "2677"]
[BlackElo "2530"]
[TimeControl "180+1"]
[EndTime "15:05:54 PDT"]
[Termination "secretworker2027 won by resignation"]

1. e4 e5 2. Nf3 Nc6 3. Bc4 Bc5 4. c3 Nf6 5. d4 exd4 6. b4 Bb6 7. e5 d5 8. exf6 dxc4 9. Qe2+ Be6 10. b5 Na5 11.
fxg7 Rg8 12. cxd4 Rxg7 13. O-O Qd7 14. Bg5 Qxb5 15. Nc3 Qf5 16. d5 Rxg5 17. Nxg5 Qxg5 18. dxe6 O-O-O 19. exf7 Qg6 20. Rad1 Qxf7 21. Rxd8+ Kxd8 22. Rd1+ Kc8 23. Qg4+ 1-0

[Event "Late-Titled-Tuesday-Blitz-June-18-2024"]
[Site "Chess.com"]
[Date "2024.06.18"]
[Round "6"]
[White "HamedWafa4"]
[Black "DanylaBagrov"]
[Result "1-0"]
[WhiteElo "2659"]
[BlackElo "2506"]
[TimeControl "180+1"]
[EndTime "15:05:57 PDT"]
[Termination "HamedWafa4 won by resignation"]

1. e4 c5 2. Nf3 a6 3. c3 d5 4. exd5 Qxd5 5. d4 Nf6 6. Be3 cxd4 7. cxd4 e6 8. Nc3 Qd6 9. Bd3 Nc6 10. O-O Be7 11. Qe2 O-O 12. Rad1 b5 13.
Ne4 Nxe4 14. Bxe4 Bb7 15. Ne5 Rac8 16. Bf4 Qb4 17. Qh5 f5 18. Nxc6 Bxc6 19. Bxc6 Rxc6 20. Be5 Bd6 21. Qf3 Rc2 22. a3 Qxb2 23. Bxd6 Rd8 24. Be5 1-0

[Event "Late-Titled-Tuesday-Blitz-June-18-2024"]
[Site "Chess.com"]
[Date "2024.06.18"]
[Round "6"]
[White "wonderfultime"]
[Black "Bob_2004"]
[Result "1-0"]
[WhiteElo "3026"]
[BlackElo "2753"]
[TimeControl "180+1"]
[EndTime "15:06:07 PDT"]
[Termination "wonderfultime won by resignation"]

1. d4 d5 2. Nf3 Nf6 3. Bf4 c5 4. c3 Nc6 5. e3 Qb6 6. Qc2 Bg4 7. dxc5 Qxc5 8. Nbd2 e6 9. b4 Qb6 10. a4 Rc8 11. a5 Qd8 12. a6 b6 13. Bb5 Nd7 14.
Qa4 e5 15. Bxe5 Ncxe5 16. Nxe5 Be6 17. Ndf3 Bd6 18. O-O f6 19. Nxd7 Bxd7 20. Rad1 Ke7 21. Rxd5 Bxb5 22. Qxb5 Qe8 23. Qd3 Bb8 24. Rd1 Rd8 25.
Rxd8 Qxd8 26. Qe4+ 1-0

[Event "Late-Titled-Tuesday-Blitz-June-18-2024"]
[Site "Chess.com"]
[Date "2024.06.18"]
[Round "6"]
[White "Boudicca64"]
[Black "miraitrunks"]
[Result "1/2-1/2"]
[WhiteElo "1883"]
[BlackElo "2160"]
[TimeControl "180+1"]
[EndTime "15:06:12 PDT"]
[Termination "Game drawn by repetition"]

1. e4 c5 2. g3 d5 3. exd5 Qxd5 4. Nf3 Bg4 5. Bg2 Nc6 6. O-O e5 7. h3 Bh5 8. g4 Bg6 9. Re1 Bd6 10. Nxe5 Qxe5 11.
Rxe5+ Nxe5 12. f4 Nc6 13. Bxc6+ bxc6 14. f5 O-O-O 15. Nc3 Nf6 16. d3 h5 17. fxg6 hxg4 18. hxg4 Rh3 19. g5 Rdh8 20. gxf6 Rh1+ 21. Kf2 R8h2+ 22.
Ke3 Rh3+ 23. Ke2 R3h2+ 24. Kf3 Rh3+ 25. Ke2 R3h2+ 26. Kf3 Rh3+ 27. Ke2 1/2-1/2

[Event "Late-Titled-Tuesday-Blitz-June-18-2024"]
[Site "Chess.com"]
[Date "2024.06.18"]
[Round "6"]
[White "WindWhistler11"]
[Black "chessforme17"]
[Result "1-0"]
[WhiteElo "2518"]
[BlackElo "2356"]
[TimeControl "180+1"]
[EndTime "15:06:14 PDT"]
[Termination "WindWhistler11 won by resignation"]

1. Nf3 g6 2. g3 Bg7 3. Bg2 Nf6 4. c4 O-O 5. O-O d6 6. Nc3 e5 7. Rb1 Re8 8. b4 Nbd7 9. Ne1 Nh5 10. Ba3 f5 11. c5 e4 12. cxd6 cxd6 13. Qb3+ Kh8 14.
d3 exd3 15. Nxd3 Ne5 16. Rbd1 Be6 17. Bd5 Rc8 18. Bb2 Bxd5 19. Nxd5 Qd7 20. Nxe5 dxe5 21.
Nb6 Qxd1 22. Rxd1 axb6 23. Rd7 Red8 24. Qd5 Nf6 25. Rxd8+ 1-0

[Event "Late-Titled-Tuesday-Blitz-June-18-2024"]
[Site "Chess.com"]
[Date "2024.06.18"]
[Round "6"]
[White "unkiyto"]
[Black "PhileKhoob"]
[Result "1-0"]
[WhiteElo "2619"]
[BlackElo "2351"]
[TimeControl "180+1"]
[EndTime "15:06:16 PDT"]
[Termination "unkiyto won on time"]

1. e4 c6 2. d4 d5 3. e5 Bf5 4.
h4 h6 5. g4 Be4 6. f3 Bh7 7.
Bd3 Bxd3 8. Qxd3 e6 9. Ne2 Be7 10. h5 Bg5 11. Bxg5 hxg5 12. Nd2 Ne7 13. O-O-O Nd7 14.
f4 gxf4 15. Nxf4 Qa5 16. Kb1 c5 17. Nb3 c4 18. Nxa5 cxd3 19. Rxd3 b6 20. Nb3 Nc6 21. Rc3 Rc8 22. a3 1-0

[Event "Late-Titled-Tuesday-Blitz-June-18-2024"]
[Site "Chess.com"]
[Date "2024.06.18"]
[Round "6"]
[White "duone"]
[Black "Stanbad1"]
[Result "0-1"]
[WhiteElo "2427"]
[BlackElo "2686"]
[TimeControl "180+1"]
[EndTime "15:06:27 PDT"]
[Termination "Stanbad1 won by checkmate"]

1. e4 e6 2. d3 d5 3. Nd2 c5 4. g3 Nc6 5. Bg2 g6 6. Ngf3 Bg7 7. O-O Nge7 8. Qe2 O-O 9. e5 b6 10. a3 a5 11. c4 Nf5 12. b3 Nfd4 13. Nxd4 Nxd4 14.
Qd1 Bb7 15. f4 Qc7 16. Bb2 dxc4 17. dxc4 Rfd8 18. Bxb7 Qxb7 19. Nf3 Nf5 20. Qe2 h5 21. Rad1 Bf8 22. Rxd8 Rxd8 23. Rd1 Rxd1+ 24. Qxd1 Qe4 25. Ng5 Qc6 26. Kf2 Be7 27. Nf3 a4 28. bxa4 Qe4 29. Qe2 Qb1 30. Bc3 Qb3 31. Qb2 Qxc4 32. Bd2 Qxa4 33. Qxb6 Qc2 34. Qb8+ Kg7 35. Qc7 c4 36. h3 Qd3 37. g4 hxg4 38. hxg4 Bh4+ 39. Nxh4 Qxd2+ 40. Kf1 Qxf4+ 41. Ke2 Nxh4 42. a4 Qxg4+ 43. Kd2 Qd4+ 44.
Kc2 Qd3+ 45. Kb2 Qb3+ 46. Kc1 c3 47. Qd7 Qb2+ 48. Kd1 c2+ 49. Ke2 c1=Q+ 50. Kd3 Qcc3+ 51. Ke4 Qbb4+ 52. Qd4 Qbxd4# 0-1

[Event "Late-Titled-Tuesday-Blitz-June-18-2024"]
[Site "Chess.com"]
[Date "2024.06.18"]
[Round "6"]
[White "Jarming"]
[Black "Fandorine"]
[Result "0-1"]
[WhiteElo "2656"]
[BlackElo "2922"]
[TimeControl "180+1"]
[EndTime "15:06:40 PDT"]
[Termination "Fandorine won by resignation"]

1. c4 g6 2. g3 Bg7 3. Bg2 Nf6 4. Nc3 O-O 5. Nf3 d6 6. O-O c5 7. d3 Nc6 8. a3 Qd7 9. Rb1 b6 10. b4 Bb7 11. Bd2 Rfd8 12. Qc1 Rac8 13. Bh6 Nd4 14. Bxg7 Kxg7 15. Nxd4 cxd4 16. Bxb7 Qxb7 17. Nb5 e5 18. a4 a6 19. Na3 h5 20. f3 Nd5 21. Qd2 Ne3 22. Rf2 d5 23. cxd5 Qxd5 24. f4 e4 25.
dxe4 Qxe4 26. Rc1 Rxc1+ 27. Qxc1 d3 28. exd3 Rxd3 29. Rd2 Qd4 30. Rxd3 Qxd3 31. Nb1 Qe2 0-1

[Event "Late-Titled-Tuesday-Blitz-June-18-2024"]
[Site "Chess.com"]
[Date "2024.06.18"]
[Round "6"]
[White "topce"]
[Black "Josetricks"]
[Result "1-0"]
[WhiteElo "2530"]
[BlackElo "2383"]
[TimeControl "180+1"]
[EndTime "15:06:44 PDT"]
[Termination "topce won by resignation"]

1. e4 g6 2. d4 Bg7 3. Nc3 c6 4. Nf3 d5 5. h3 dxe4 6. Nxe4 Nf6 7. Bd3 Nxe4 8. Bxe4 O-O 9. O-O Nd7 10. c3 e5 11. Bg5 Qb6 12. dxe5 Nxe5 13. Nxe5 Bxe5 14. Be7 Re8 15. Ba3 Be6 16. Re1 Rad8 17. Qf3 Bg7 18. Bc2 Bd5 19. Qg3 h5 20. Be7 Rxe7 21. Rxe7 Qxb2 22.
Bxg6 Qxa1+ 23. Kh2 fxg6 24. Rxg7+ Kxg7 25. Qc7+ Bf7 26. Qxd8 Qxc3 27. Qc7 Qb3 28. axb3 1-0